 Dungeon Crawl Stone Soup version 0.16.2-2-g470672f (webtiles) character file.

101 Kineas the Chucker (level 5, 0/39 HPs)
             Began as a Human Hunter on Aug 30, 2015.
             Slain by a gnoll
             ... wielding a +0 spear
              (3 damage)
             ... on level 3 of the Dungeon.
             The game lasted 01:18:05 (4522 turns).

Kineas the Chucker (Human Hunter)                   Turns: 4522, Time: 01:18:05

Health: 0/39       AC:  6    Str: 13    XL:     5   Next: 4%
Magic:  5/5        EV: 11    Int: 11    God:
Gold:   86         SH:  0    Dex: 14    Spells: 0 memorised, 5 levels left

rFire  . . .     SeeInvis .     O - +4 flail (drain)
rCold  . . .     Clarity  .     t - +0 ring mail
rNeg   . . .     SustAb   .     (no shield)
rPois  .         Gourm    .     (no helmet)
rElec  .         Spirit   .     (no cloak)
rCorr  .         Warding  .     (no gloves)
rMut   .         Stasis   .     C - +0 pair of boots
MR     .....                    (no amulet)
Stlth  +.........               (no ring)
                                (no ring)

@: drained, not resistant to hostile enchantments, very unstealthy
A: no striking features
a: no special abilities


You were on level 3 of the Dungeon.
You were not hungry.

You visited 1 branch of the dungeon, and saw 3 of its levels.

You collected 86 gold pieces.

Inventory:

Hand weapons
 a - a +0 short sword
 h - a +0 whip
 k - a +0 dagger
 l - a +0 spear
 m - a +0 club
 o - a +0 club
 q - a +0 spear
 v - a +0 mace
 w - a +1 dagger of protection
 y - a +0 whip
 E - a +0 long sword
 M - a +0 flail
 N - a +0 whip
 O - a +4 flail of draining (weapon)
 P - a +0 mace
 Q - a +0 morningstar
Missiles
 b - 3 javelins
 c - 3 throwing nets
 j - 82 stones (quivered)
 s - 16 arrows of frost
 D - 10 sling bullets
 I - 2 tomahawks
Armour
 d - a +0 leather armour
 e - a +0 centaur barding
 t - a +0 ring mail (worn)
 C - a +0 pair of boots (worn)
 F - a +0 ring mail
 G - a cursed +0 ring mail
 S - a +0 robe
Jewellery
 i - an uncursed amulet of the gourmand {unknown}
 B - an uncursed amulet of the gourmand {unknown}
 K - a cursed amulet of faith {unknown}
Magical devices
 z - a wand of polymorph (14)
Scrolls
 n - 3 scrolls of identify {unknown}
 u - a scroll of random uselessness {unknown}
 x - a scroll of immolation {unknown}
 A - a scroll of fog {unknown}
 H - 2 scrolls of amnesia {unknown}
 R - a scroll of remove curse {unknown}
 U - a scroll of teleportation {unknown}
Potions
 r - 2 potions of magic {unknown}
 J - a potion of haste {unknown}
 L - a potion of poison {unknown}
Comestibles
 f - 2 bread rations
 p - a fruit


   Skills:
 - Level 2.7(2.6) Fighting
 - Level 1.6(1.5) Short Blades
 + Level 0.0 Maces & Flails
 + Level 4.3(4.2) Throwing
 - Level 2.7(2.6) Dodging
 - Level 2.0(1.9) Stealth
 + Level 0.6(0.5) Spellcasting


You had 5 spell levels left.
You didn't know any spells.

Dungeon Overview and Level Annotations

Branches:
Dungeon (3/15)

Altars:


Message History

The gnoll is heavily wounded.
The gnoll barely misses you. The gnoll hits you with a spear.
The gnoll barely misses you. The gnoll hits you.
The gnoll hits you but does no damage.
You hit the gnoll.
The gnoll is moderately wounded.
The gnoll hits you but does no damage. x2
The gnoll hits you with a spear!
You closely miss the gnoll. The gnoll closely misses you.
The gnoll closely misses you. The gnoll hits you but does no damage.
The gnoll barely misses you. x2
The gnoll hits you with a spear.
* * * LOW HITPOINT WARNING * * *
The gnoll hits you but does no damage.
You climb downwards.
There is a stone staircase leading up, spattered with blood here.
The gnoll hits you with a whip.
* * * LOW HITPOINT WARNING * * *
The gnoll hits you with a spear.
You die...

# #. #.##### .
#.....## g# #....^.#
. #...g..# ###.
#...@..# ## .#..
#..gg..# #. <.g###
#......# #. .....#
#......# #. ..g..#
#......# #. ...g.#
#......# ######.
..#.(########...####
#......
..#(....gg......#
#......
..#.########....##
######......


You could see 3 gnolls.

Vanquished Creatures
  Natasha (D:3)
  An adder (D:2)
  3 worms
  An ooze (D:2)
  3 orcs (D:3)
  4 hobgoblins
  5 kobolds (D:1)
  10 bats
  A giant cockroach (D:1)
  2 giant newts
  7 goblins
  A quokka (D:2)
  11 rats
50 creatures vanquished.

Notes
Turn   | Place    | Note
--------------------------------------------------------------
     0 | D:1      | Kineas, the Human Hunter, began the quest for the Orb.
     0 | D:1      | Reached XP level 1. HP: 16/16 MP: 1/1
   392 | D:1      | Reached XP level 2. HP: 22/22 MP: 2/2
  1121 | D:1      | Reached XP level 3. HP: 27/27 MP: 3/3
  1299 | D:1      | Reached skill level 1 in Short Blades
  2120 | D:2      | Reached XP level 4. HP: 34/34 MP: 4/4
  3007 | D:3      | Noticed Natasha
  3029 | D:3      | Killed Natasha
  3740 | D:3      | Reached XP level 5. HP: 39/39 MP: 5/5
  4220 | D:3      | HP: 1/39 [gnoll/spear (10)]
  4522 | D:3      | Slain by a gnoll

Action                   |  1- 3 |  4- 6 || total
-------------------------+-------+-------++-------
Melee: Short sword       |    63 |       ||    63
       Dagger            |    30 |    69 ||    99
       Flail             |       |     8 ||     8
Throw: Javelin           |    27 |       ||    27
       Stone             |    16 |    46 ||    62
       Throwing net      |     3 |       ||     3
  Use: Potion            |     1 |       ||     1
 Stab: Sleeping          |     1 |       ||     1
  Eat: Fruit             |     2 |       ||     2
       Chunk             |     2 |       ||     2
       Beef jerky        |       |     4 ||     4
       Meat ration       |       |     1 ||     1
